 Dungeon Crawl Stone Soup version 0.29.0-15-g675c0067aa (webtiles) character file.

Game seed: 13873740963363068975

37 xian the Chopper (level 3, -1/28 HPs)
             Began as a Formicid Gladiator on Sept 12, 2022.
             Slain by a hobgoblin (3 damage)
             ... on level 2 of the Dungeon.
             The game lasted 00:02:49 (1487 turns).

xian the Chopper (Formicid Gladiator)               Turns: 1487, Time: 00:02:49

Health: -1/28      AC:  5    Str: 20    XL:     3   Next: 62%
Magic:  3/3        EV: 12    Int:  7    God:
Gold:   60         SH:  0    Dex: 15    Spells: 2/2 levels left

rFire   . . .      SeeInvis +   a - +0 war axe
rCold   . . .      Faith    .   (no shield)
rNeg    . . .      Spirit   .   j - +2 leather armour {Will+}
rPois   .          Reflect  .   (helmet unavailable)
rElec   .          Harm     .   (no cloak)
rCorr   .          Rampage  .   (no gloves)
Will    +....                   (no boots)
Stlth   +.........              (no amulet)
HPRegen 0.09/turn               (no ring)
MPRegen 0.08/turn               (no ring)

@: no status effects
A: permanent stasis, dig shafts and tunnels, antennae 3, four strong arms
a: Dig, Shaft Self


You were on level 2 of the Dungeon.
You visited 1 branch of the dungeon, and saw 2 of its levels.

You collected 60 gold pieces.

Inventory:

Hand Weapons
 a - a +0 war axe (weapon)
Missiles
 c - 3 throwing nets
 d - a javelin (quivered)
Armour
 j - a +2 leather armour of willpower (worn)
Scrolls
 b - a scroll of teleportation {unknown}
 e - a scroll of identify
 h - a scroll of fog {unknown}
Potions
 f - a potion of ambrosia
 g - 2 potions of mutation {unknown}
 i - a potion of brilliance {unknown}


   Skills:
 + Level 2.4 Fighting
 + Level 3.6 Axes
 + Level 2.0 Throwing
 + Level 1.1 Armour
 + Level 3.0 Dodging
 + Level 0.3 Stealth


You had 2 spell levels left.
You didn't know any spells.
Your spell library was empty.

Dungeon Overview and Level Annotations

Branches:
Dungeon (2/15)

Altars:

Shops:
D:2 *


Innate Abilities, Weirdness & Mutations

You cannot be hasted, slowed, berserked, paralysed or teleported.
You can dig through walls and to a lower floor.
You have a pair of large antennae on your head. (SInv)
Your four strong arms can wield two-handed weapons with a shield.


Message History

Unknown command.
The goblin shoots a sling bullet.
The sling bullet hits you.
* * * LOW HITPOINT WARNING * * *
There is an open door, spattered with blood here.
Items here: )) [[.
The goblin no longer looks unusually strong.
The goblin shoots a sling bullet.
The sling bullet hits you but does no damage.
The goblin unwields a +0 sling.
The goblin wields a +0 dagger.
The goblin hits you but does no damage.
You hit the goblin but do no damage.
The goblin is moderately wounded.
The goblin hits you with a +0 dagger.
* * * LOW HITPOINT WARNING * * *
You hit the goblin.
The goblin is severely wounded.
The goblin hits you but does no damage.
A hobgoblin comes into view.
The goblin hits you but does no damage.
You barely miss the goblin.
The goblin is severely wounded.
The hobgoblin shouts!
The goblin barely misses you.
You barely miss the goblin.
The goblin is severely wounded.
The goblin hits you but does no damage.
You barely miss the goblin.
The goblin is severely wounded.
The goblin hits you but does no damage. x2
You hit the goblin.
You kill the goblin!
You closely miss the hobgoblin.
The hobgoblin hits you but does no damage.
You hit the hobgoblin.
The hobgoblin is moderately wounded.
The hobgoblin closely misses you.
You closely miss the hobgoblin.
The hobgoblin is moderately wounded.
The hobgoblin hits you.
You die...

##...##
######.....##
...#......?##
###..........#
.............+
#..........#
#.#....>..# # #.
#..g..#
.#.#.##)#@.##
.....≈#.≈)##
.######)≈≈###
+..∩..+.#
.#.##≈≈.###.#
......≈)#≈..#
.######'#...#
#...)....##
##.#.†##.#######


You could see a hobgoblin.

Vanquished Creatures
  Robin (D:2)
  2 endoplasms (D:1)
  11 goblins
  4 hobgoblins
  3 ball pythons (D:1)
  A bat (D:1)
  A frilled lizard (D:1)
  A kobold (D:1)
24 creatures vanquished.

Notes
Turn   | Place    | Note
-------+----------+-------------------------------------------
     0 | D:1      | xian the Formicid Gladiator began the quest for the Orb.
     0 | D:1      | Reached XP level 1. HP: 16/16 MP: 1/1
   575 | D:1      | Reached XP level 2. HP: 22/22 MP: 2/2
  1298 | D:2      | Found Hionogge's Assorted Antiques.
  1300 | D:2      | Noticed Robin
  1345 | D:2      | Reached XP level 3. HP: 24/28 MP: 3/3
  1475 | D:2      | Killed Robin
  1476 | D:2      | Reached skill level 1 in Armour
  1479 | D:2      | HP: 1/28 [goblin/+0 dagger[Robin] (3)]
  1487 | D:2      | Slain by a hobgoblin

Illustrated notes

Levels and vault maps discovered:
D:1:      dpeg_arrival_round_a, layout_basic
D:2:      layout_loops_corners, serial_shops, nicolae_shop_hallway_plus,
          columned_hall_lemuel, uniq_terence, uniq_jessica, uniq_robin

Skill      XL: |  1  2  3 |
---------------+----------+-----
Dodging        | 3 |  3.0
Armour         | 1 |  1.1
Fighting       | |  2.4
Axes           | |  3.6
Throwing       | |  2.0
Stealth        | |  0.3

Action                   || total
-------------------------++-------
Melee: War axe           ||    84
  Use: Scroll            ||     2
Armor: Leather armour    ||    32
Dodge: Dodged            ||    72
